 Dungeon Crawl Stone Soup version 0.28.0-43-g3370ac3207 (webtiles) character file.

Game seed: 12672129152800069768

2 Ablot the Grasshopper (level 1, 0/20 HPs)
             Began as a Gnoll Warper on Mar 19, 2022.
             Slain by a jackal (3 damage)
             ... on level 1 of the Dungeon.
             The game lasted 00:00:11 (40 turns).

Ablot the Grasshopper (Gnoll Warper)                  Turns: 40, Time: 00:00:11

Health: 0/20       AC:  3    Str: 10    XL:     1   Next: 40%
Magic:  6/6        EV: 12    Int: 12    God:
Gold:   0          SH:  0    Dex: 11    Spells: 9/9 levels left

rFire   . . .      SeeInvis .   a - +0 spear
rCold   . . .      Faith    .   (no shield)
rNeg    . . .      Spirit   .   b - +0 leather armour
rPois   .          Reflect  .   (no helmet)
rElec   .          Harm     .   (no cloak)
rCorr   .          Rampage  .   (no gloves)
Will    .....                   (no boots)
Stlth   +.........              (no amulet)
HPRegen 0.06/turn               (no ring)
MPRegen 0.10/turn               (no ring)

@: no status effects
A: fangs 1, strong nose, distributed training
a: no special abilities


You were on level 1 of the Dungeon.
You visited 1 branch of the dungeon, and saw 1 of its levels.

Inventory:

Hand Weapons
 a - a +0 spear (weapon)
Missiles
 d - 5 boomerangs of dispersal (quivered)
Armour
 b - a +0 leather armour (worn)
Scrolls
 c - a scroll of blinking


   Skills:
 + Level 4.4 Fighting
 + Level 0.0 Short Blades
 + Level 0.0 Long Blades
 + Level 0.0 Axes
 + Level 0.0 Maces & Flails
 + Level 4.4 Polearms
 + Level 0.0 Staves
 + Level 0.0 Slings
 + Level 0.0 Bows
 + Level 0.0 Crossbows
 + Level 2.3 Throwing
 + Level 2.3 Armour
 + Level 4.4 Dodging
 + Level 0.0 Stealth
 + Level 0.0 Shields
 + Level 0.0 Unarmed Combat
 + Level 4.8 Spellcasting
 + Level 0.0 Conjurations
 + Level 0.0 Hexes
 + Level 0.0 Summonings
 + Level 0.0 Necromancy
 + Level 5.3 Translocations
 + Level 0.0 Transmutations
 + Level 0.0 Fire Magic
 + Level 0.0 Ice Magic
 + Level 0.0 Air Magic
 + Level 0.0 Earth Magic
 + Level 0.0 Poison Magic
 + Level 0.1 Invocations
 + Level 0.0 Evocations


You had 9 spell levels left.
You didn't know any spells.
Your spell library contained the following spells:

 Spells                   Type           Power      Damage    Failure   Level
 Blink                    Tloc           30%        N/A       4%          2
 Gell's Gravitas          Tloc           15%        N/A       9%          3
 Lesser Beckoning         Tloc           15%        N/A       9%          3
 Teleport Other           Tloc           15%        N/A       9%          3
 Manifold Assault         Tloc           15%        N/A       63%         5


Dungeon Overview and Level Annotations

Branches:
Dungeon (1/15)

Altars:


Innate Abilities, Weirdness & Mutations

You have very sharp teeth.
Your uncanny sense of smell can sniff out nearby items.
Your experience applies equally to all skills.


Message History

You hit the giant cockroach but do no damage.
The giant cockroach is severely wounded.
The jackal closely misses you. The giant cockroach barely misses you.
The jackal barely misses you.
You barely miss the giant cockroach.
The giant cockroach is severely wounded.
The giant cockroach bites you. The jackal bites you.
You are too injured to fight recklessly!
The giant cockroach bites the plant.
The plant begins to die.
Unknown command.
You hit the jackal but do no damage. Your bite misses the jackal.
The jackal misses you.
The jackal bites the plant.
The giant cockroach bites the plant.
The jackal barely misses you.
You closely miss the jackal.
The jackal bites the plant.
The giant cockroach bites the plant.
The jackal bites you.
* * * LOW HITPOINT WARNING * * *
The jackal bites the plant.
You hit the jackal.
The jackal is almost dead.
The giant cockroach bites the plant.
The jackal bites you.
* * * LOW HITPOINT WARNING * * *
The jackal bites the plant.
You hit the jackal.
You kill the jackal!
You hit the giant cockroach.
The giant cockroach is almost dead.
A nearby plant withers and dies.
The giant cockroach closely misses you.
You hit the giant cockroach but do no damage.
The giant cockroach is almost dead.
The giant cockroach bites you but does no damage.
The jackal barely misses you. The giant cockroach misses you.
You hit the giant cockroach.
You kill the giant cockroach!
The jackal bites you.
* * * LOW HITPOINT WARNING * * *
The jackal closely misses you. The jackal closely misses you.
The jackal closely misses you. The jackal bites you.
You die...
P.P.P.PPP.P.P.PP.....
P.P.PP.P.PP.P.P......
P.PP.PP.PP.PP.P....>.
PP.PP.PPP.PP.PP......
PP.PPP...PPP.....#### PPP..PPPPP..PP...# PPPPP.....PPPPP..# PPPPPPP.PPPPP....# #######.......h@.# ############

You could see a jackal.

Vanquished Creatures
  A giant cockroach (D:1)
  A jackal (D:1)
2 creatures vanquished.

Vanquished Creatures (others)
  14 plants (D:1)
14 creatures vanquished.

Grand Total: 16 creatures vanquished

Notes
Turn   | Place    | Note
-------+----------+-------------------------------------------
     0 | D:1      | Ablot the Gnoll Warper began the quest for the Orb.
     0 | D:1      | Reached XP level 1. HP: 20/20 MP: 6/6
    40 | D:1      | Slain by a jackal

Illustrated notes

Levels and vault maps discovered:
D:1:      roderic_crop_circles_arrival_small, layout_rooms, serial_glass,
          glass_columns_b, glass_columns_b, serial_bayou_pond_c,
          grunt_decor_clamped, minmay_worlds_worst_comb

Action                   || total
-------------------------++-------
Melee: Spear             ||    13
Armor: Leather armour    ||     3
Dodge: Dodged            ||    15
